 Dungeon Crawl Stone Soup version 0.24-a0-170-gd8427f5 (console) character file.

Game seed: 7627940798720228942

14 Duffy the Firebug (level 2, 0/15 HPs)
             Began as a Deep Elf Fire Elementalist on Mar 10, 2019.
             Slain by a leopard gecko (4 damage)
             ... on level 1 of the Dungeon.
             The game lasted 00:00:38 (740 turns).

Duffy the Firebug (Deep Elf Fire Elementalist)       Turns: 740, Time: 00:00:39

Health: 0/15       AC:  2    Str:  5    XL:     2   Next: 27%
Magic:  2/8        EV: 13    Int: 19    God:
Gold:   15         SH:  0    Dex: 15    Spells: 6/7 levels left

rFire    . . .     SeeInvis .   c - ration
rCold    . . .     Gourm    .   (no shield)
rNeg     . . .     Faith    .   a - +0 robe
rPois    .         Spirit   .   (no helmet)
rElec    .         Reflect  .   (no cloak)
rCorr    .         Harm     .   (no gloves)
MR       .....                  (no boots)
Stlth    ++........             (no amulet)
HPRegen  0.05/turn              (no ring)
MPRegen  0.11/turn              (no ring)

@: no status effects
A: no striking features
a: no special abilities


You were on level 1 of the Dungeon.
You were not hungry.

You visited 1 branch of the dungeon, and saw 1 of its levels.

You collected 15 gold pieces.

Inventory:

Armour
 a - a +0 robe (worn)
Scrolls
 d - 2 scrolls of amnesia {unknown}
 e - 3 scrolls of identify {unknown}
 i - a scroll of fog {unknown}
Potions
 b - a potion of agility {unknown}
 f - a potion of flight {unknown}
 h - a potion of mutation {unknown}
Comestibles
 c - a ration (in hand)
 g - a chunk of flesh


   Skills:
 - Level 2.4 Dodging
 - Level 2.4 Stealth
 - Level 3.0 Spellcasting
 + Level 2.6 Conjurations
 - Level 3.2 Fire Magic


You had 6 spell levels left.
You knew the following spells:

 Your Spells              Type           Power        Failure   Level  Hunger
h - Flame Tongue          Conj/Fire      ##...        4%          1    None

Your spell library contained the following spells:

 Spells                   Type           Power        Failure   Level  Hunger
 Throw Flame              Conj/Fire      ##....       7%          2    ##.....
 Conjure Flame            Conj/Fire      ##......     14%         3    ###....
 Inner Flame              Hex/Fire       #.......     24%         3    ###....
 Sticky Flame             Conj/Fire      ##......     41%         4    ####...
 Fireball                 Conj/Fire      ##........   77%         5    ######.


Dungeon Overview and Level Annotations

Branches:
Dungeon (1/15)

Altars:
Ashenzari


Message History

Press: ? - help, Shift-Dir - straight line, f - giant cockroach
Aim: a giant cockroach The flame tongue hits the giant cockroach.
The giant cockroach is heavily wounded.
The giant cockroach misses you. The leopard gecko bites you.
The giant cockroach bites you but does no damage.
Cast which spell? (? or * to list)
Aiming: Flame Tongue (safe; 4% risk of failure)
Press: ? - help, Shift-Dir - straight line, f/p - giant cockroach
Aim: a giant cockroach (heavily wounded)
The flame tongue hits the giant cockroach but does no damage.
The giant cockroach is heavily wounded.
The leopard gecko bites you. The giant cockroach misses you.
Cast which spell? (? or * to list)
Aiming: Flame Tongue (safe; 4% risk of failure)
Press: ? - help, Shift-Dir - straight line, f/p - giant cockroach
Aim: a giant cockroach (heavily wounded)
The flame tongue misses the giant cockroach.
The leopard gecko bites you.
You die...

+... #..#.# ##+# #..#.##
########..#..#
.............+#
.......$......##
...............#
......l........###
......s@.........##
.............8....+##
....................###+#
.........................
...........####.........#
...........# #........
####.####+## #........ #.
#........ #####........ #


You could see a leopard gecko and a giant cockroach.

Vanquished Creatures
  A bat (D:1)
  3 goblins (D:1)
  4 hobgoblins (D:1)
  2 kobolds (D:1)
  A frilled lizard (D:1)
  A rat (D:1)
12 creatures vanquished.

Notes
Turn   | Place    | Note
-------+----------+-------------------------------------------
     0 | D:1      | Duffy the Deep Elf Fire Elementalist began the quest for
                  | the Orb.
     0 | D:1      | Reached XP level 1. HP: 10/10 MP: 6/6
   499 | D:1      | Reached XP level 2. HP: 15/15 MP: 6/8
   525 | D:1      | Found a shattered altar of Ashenzari.
   740 | D:1      | Slain by a leopard gecko

Levels and vault maps discovered:
D:1:      nicolae_arrival_somewhat_less_tricky_arrival, layout_basic,
          ashenzari_altar_1

Skill      XL: |  1 |
---------------+----+-----
Conjurations   | 2 |  2.6
Dodging        | |  2.4
Stealth        | |  2.4
Spellcasting   | |  3.0
Fire Magic     | |  3.2

Action                   || total
-------------------------++-------
 Cast: Flame Tongue      ||    28
Armor: Robe              ||     2
Dodge: Dodged            ||    14

Table legend:
 A = Non-vault XP
 B = Vault XP
 C = Vault XP percentage of total XP
 D = Non-vault monster count
 E = Vault monster count
 F = Vault count percentage of total count
                 A         B        C        D         E       F
            +---------+---------+-------+---------+---------+-------
      Total |      20 |       0 |   0.0 |      12 |       0 |   0.0
            +---------+---------+-------+---------+---------+-------
        D:1 |      20 |       0 |   0.0 |      12 |       0 |   0.0
            +---------+---------+-------+---------+---------+-------
